 Seeded DCSS version 0.29.1-15-g9cfb28693d (webtiles) character file.

Game seed: 13751737553268538491 (custom seed)

18 Psyclone the Stinger (level 2, 0/15 HPs)
             Began as a Deep Elf Venom Mage on Sept 24, 2023.
             Succumbed to an adder's poison
             ... on level 2 of the Dungeon.
             The game lasted 00:02:03 (1447 turns).

Psyclone the Stinger (Deep Elf Venom Mage)          Turns: 1447, Time: 00:02:03

Health: 0/15       AC:  3    Str:  5    XL:     2   Next: 48%
Magic:  3/8        EV: 12    Int: 19    God:
Gold:   42         SH:  0    Dex: 15    Spells: 6/7 levels left

rFire   . . .      SeeInvis .   f - +0 dagger
rCold   . . .      Faith    .   (no shield)
rNeg    . . .      Spirit   .   a - +0 robe
rPois   .          Reflect  .   (no helmet)
rElec   .          Harm     .   (no cloak)
rCorr   .          Rampage  .   (no gloves)
Will    +....                   e - +0 pair of boots of Deim {Will+}
Stlth   ++........              (no amulet)
HPRegen 0.05/turn               (no ring)
MPRegen 0.11/turn               (no ring)

@: lethally poisoned (0 -> 0)
A: no striking features
a: no special abilities


You were on level 2 of the Dungeon.
You visited 1 branch of the dungeon, and saw 2 of its levels.

You collected 42 gold pieces.

Inventory:

Hand Weapons
 f - a +0 dagger (weapon)
Armour
 a - a +0 robe (worn)
 e - the +0 pair of boots of Deim (worn) {Will+}
   (You found it on level 2 of the Dungeon)

   Will:      It increases your willpower.
Potions
 b - a potion of magic
 c - a potion of attraction {unknown}
 d - a potion of curing


   Skills:
 - Level 2.4 Dodging
 - Level 2.4 Stealth
 - Level 3.0 Spellcasting
 - Level 1.1 Transmutations
 + Level 4.3 Poison Magic


You had 6 spell levels left.
You knew the following spells:

 Your Spells              Type           Power      Damage    Failure   Level
a - Sting                 Tmut/Pois      52%        1d5       4%          1

Your spell library contained the following spells:

 Spells                   Type           Power      Damage    Failure   Level
 Poisonous Vapours        Pois/Air       22%        N/A       10%         2
 Mephitic Cloud           Conj/Pois/Air  8%         N/A       26%         3
 Olgreb's Toxic Radiance  Pois           19%        N/A       26%         4


Dungeon Overview and Level Annotations

Branches:
Dungeon (2/15) Zot: 10553

Altars:


Message History

The bat barely misses you. The adder bites you.
The goblin hits you with a +0 hand axe. The adder barely misses you.
You take 4 damage, and have 9/15 hp.
MASSIVE DAMAGE!!
You now have 5/8 mp.
Casting: Sting (safe; 4% risk of failure)
Confirm with . or Enter, or press ? or * to list all spells.
Aiming: Sting (safe; 4% risk of failure)
Press: ? - help, Shift-Dir - straight line, f/p - adder
Aim: an adder (poisoned, 53% to hit)
The sting hits the adder.
The adder looks even sicker.
The adder is lightly wounded.
The bat misses you. The goblin hits you with a +0 hand axe.
* * * LOW HITPOINT WARNING * * *
The adder bites you but does no damage.
You take 5 damage, and have 4/15 hp.
MASSIVE DAMAGE!!
You now have 4/8 mp.
It was a potion of curing.
You feel better. The bat misses you. The adder bites you.
You are poisoned.
The adder poisons you! The goblin hits you with a +0 hand axe.
You regained 3 hp, and now have 7/15 hp.
Casting: Sting (safe; 4% risk of failure)
Confirm with . or Enter, or press ? or * to list all spells.
Aiming: Sting (safe; 4% risk of failure)
Press: ? - help, Shift-Dir - straight line, f/p - adder
Aim: an adder (moderately wounded, very poisoned, 53% to hit)
The sting misses the adder.
You feel sick. The bat hits you but does no damage.
The adder closely misses you.
An adder comes into view.
The goblin misses you.
You take 1 damage, and have 6/15 hp.
You now have 3/8 mp.
The adder attacks as you move away! The adder bites you.
* * * LOW HITPOINT WARNING * * *
You feel sick. The bat closely misses you. The adder barely misses you.
You take 3 damage, and have 3/15 hp.
You feel sick. The bat barely misses you.
Your magical contamination has completely faded away.
You take 1 damage, and have 2/15 hp.
The adder attacks as you move away! The adder barely misses you.
The goblin attacks as you move away! The goblin hits you with a +0 hand axe.
* * * LOW HITPOINT WARNING * * *
You die...

##.....##...#
.......###.####
..............#
.......###.##.#
##...### #>##.#
#...# #.##.# .##
#####
#.##.#########..)#
#.................
#.##...@.gS.......
#[##.###.S###.###.
#<# #.## ..# #.#
.### ..b . #..# .
...# ##... ###.


You could see 2 adders, a goblin and a bat.

Vanquished Creatures
  2 bats (D:1)
  7 endoplasms
  A goblin (D:1)
  A hobgoblin (D:1)
  A ball python (D:1)
  2 frilled lizards (D:1)
  A kobold (D:2)
15 creatures vanquished.

Notes
Turn   | Place    | Note
-------+----------+-------------------------------------------
     0 | D:1      | Psyclone the Deep Elf Venom Mage began the quest for the
                  | Orb.
     0 | D:1      | Reached XP level 1. HP: 10/10 MP: 6/6
   371 | D:1      | Reached XP level 2. HP: 15/15 MP: 5/8
   438 | D:1      | Reached skill level 4 in Poison Magic
   778 | D:1      | Found a faded altar of an unknown god.
  1346 | D:2      | Identified the +0 pair of boots of Deim {Will+}
  1447 | D:2      | Succumbed to an adder's poison

Illustrated notes

Levels and vault maps discovered:
D:1:      lemuel_arrival_behind_the_door_large, layout_basic,
          chequers_ecumenical_altar_simple
D:2:      layout_loops_ring, minivault_26, minmay_box_of_dots

Skill      XL: |  1  2 |
---------------+-------+-----
Poison Magic   | 4 |  4.3
Dodging        | |  2.4
Stealth        | |  2.4
Spellcasting   | |  3.0
Transmutations | |  1.1

Action                   || total
-------------------------++-------
 Cast: Sting             ||    37
  Use: Potion            ||     1
Armor: Robe              ||     3
Dodge: Dodged            ||    22
